 Dungeon Crawl Stone Soup version 0.27-a0-277-g024f7ef292 (webtiles) character file.

Game seed: 5902794633950294027

2172 Nattfarinn the Tainter (level 9, 0/68 HPs)
             Began as a Naga Venom Mage on Feb 6, 2021.
             Was a Priest of Cheibriados.
             Slain by an orc knight
             ... wielding a +0 war axe
              (17 damage)
             ... in a bailey on Feb 7, 2021.
             The game lasted 00:16:33 (8871 turns).

Nattfarinn the Tainter (Naga Venom Mage)            Turns: 8871, Time: 00:16:33

Health: 0/68       AC:  8    Str: 18    XL:     9   Next: 32%
Magic:  3/18       EV: 10    Int: 27    God:    Cheibriados [***...]
Gold:   415        SH:  0    Dex: 20    Spells: 11/21 levels left

rFire    + . .     SeeInvis +   r - +1 spear (venom)
rCold    + . .     Faith    .   (no shield)
rNeg     . . .     Spirit   .   a - +0 robe
rPois    +         Reflect  .   x - +0 helmet (curse)
rElec    .         Harm     .   n - scarf {rC+ rF+}
rCorr    .         Rampage  .   E - +2 pair of gloves
Will     ++...                  (no barding)
Stlth    +++.......             (no amulet)
HPRegen  0.21/turn              w - ring of willpower
MPRegen  0.16/turn              (no ring)

@: radiating poison, very slow
A: large, see invisible, deformed body, poison resistance, slowness 2, spit
poison 1, AC +3
a: Spit Poison, Renounce Religion, Bend Time, Temporal Distortion


You were in a bailey.
You worshipped Cheibriados.
Cheibriados was most pleased with you.
You visited 1 branch of the dungeon, and saw 7 of its levels.
You also visited: Bailey.

You collected 415 gold pieces.

Inventory:

Hand Weapons
 o - a +0 glaive
 r - a +1 spear of venom (weapon)
Missiles
 v - 24 poisoned darts (quivered)
Armour
 a - a +0 robe (worn)
 j - a +0 helmet
 n - a scarf of resistance (worn)
 x - a cursed +0 helmet (worn)
 C - a +1 cloak
 E - a +2 pair of gloves (worn)
Jewellery
 w - a ring of willpower (left hand)
Wands
 f - a wand of flame (12)
Scrolls
 b - a scroll of blinking {unknown}
 c - 4 scrolls of remove curse
 d - 3 scrolls of random uselessness {unknown}
 g - 6 scrolls of identify {unknown}
 i - a scroll of fear {unknown}
 m - 2 scrolls of teleportation {unknown}
 p - a scroll of amnesia {unknown}
 u - 3 scrolls of enchant armour {unknown}
 y - 2 scrolls of magic mapping {unknown}
 A - 2 scrolls of holy word {unknown}
 D - a scroll of brand weapon {unknown}
 G - a scroll of vulnerability {unknown}
 H - a scroll of enchant weapon {unknown}
Potions
 e - a potion of might {unknown}
 h - 2 potions of curing
 k - 4 potions of degeneration {unknown}
 l - a potion of haste {unknown}
 q - a potion of cancellation {unknown}
 s - a potion of ambrosia {unknown}
 t - a potion of lignification {unknown}
 z - a potion of flight {unknown}
 B - a potion of brilliance {unknown}
 F - a potion of mutation {unknown}


   Skills:
 - Level 1.5 Dodging
 - Level 3.0 Stealth
 + Level 6.6 Spellcasting
 * Level 7.7 Transmutations
 - Level 9.1 Poison Magic


You had 11 spell levels left.
You knew the following spells:

 Your Spells              Type           Power        Failure   Level
a - Sting                 Tmut/Pois      100%         1%          1
b - Olgreb's Toxic Radia  Pois           55%          1%          4
c - Blade Hands           Tmut           25%          7%          5

Your spell library contained the following spells:

 Spells                   Type           Power        Failure   Level
 Beastly Appendage        Tmut           100%         1%          1
 Poisonous Vapours        Pois/Air       66%          1%          2
 Wereblood                Tmut           50%          1%          2
 Ignite Poison            Fire/Tmut/Pois 39%          1%          3
 Spider Form              Tmut/Pois      26%          1%          3
 Mephitic Cloud           Conj/Pois/Air  25%          5%          3
 Summon Small Mammal      Summ           32%          6%          1
 Call Imp                 Summ           8%           10%         2
 Ice Form                 Ice/Tmut       29%          12%         4
 Petrify                  Tmut/Erth      29%          12%         4
 Call Canine Familiar     Summ           8%           19%         3
 Confusing Touch          Hex            8%           19%         3
 Gell's Gravitas          Tloc           4%           19%         3
 Summon Guardian Golem    Hex/Summ       8%           19%         3
 Yara's Violent Unravell  Hex/Tmut       14%          34%         5
 Summon Ice Beast         Ice/Summ       8%           52%         4
 Summon Lightning Spire   Summ/Air       8%           52%         4
 Metabolic Englaciation   Hex/Ice        4%           86%         5


Dungeon Overview and Level Annotations

Branches:
Dungeon (7/15)             Temple (0/1) D:4          Bailey (1/1)

Altars:
Ashenzari
Cheibriados
Dithmenos
Gozag
Hepliaklqana
Ru
Sif Muna
Vehumet
Wu Jian

Annotations:
D:3 3 runed translucent doors, iamserjio's ghost, amateur VSTm; iamserjio's ghost, weakling VSDe
D:4 1 runed translucent door, Crazy Yiuf


Innate Abilities, Weirdness & Mutations

You cannot wear boots.
Your serpentine skin is tough. (AC +3)
You have supernaturally acute eyesight. (SInv)
Armour fits poorly on your strangely shaped body.
Your system is resistant to poisons. (rPois)
You cover ground very slowly.
You can spit poison.


Message History

Casting: Olgreb's Toxic Radiance (dangerous; 1% risk of failure)
Confirm with . or Enter, or press ? or * to list all spells.
Your toxic radiance grows in intensity.
The hobgoblin shouts!
You hit the orc knight.
The orc knight looks as sick as possible!
The orc knight is moderately wounded.
The orc knight looks as sick as possible!
The hobgoblin is poisoned.
The orc knight hits you with a +0 war axe!!
The hobgoblin looks even sicker.
You kill the hobgoblin!
Cheibriados appreciates the change of pace.
The orc knight hits you with a +0 war axe!!
* * * LOW HITPOINT WARNING * * *
Unknown command.
You fail to use your ability.
The orc knight looks as sick as possible!
The orc knight hits you with a +0 war axe!
You die...

♣♣♣∩♣♣♣ #####♣♣♣.....♣♣♣
##...##.....(...# ♣♣≈
##.....##.((....# ♣≈≈
##...8...##≈≈≈≈≈#
♣≈≈##.........#≈≈≈≈≈# 8
♣≈≈#..........#≈≈≈≈≈#....
♣≈≈#..8..8)).('.@o..'..).
♣≈≈#........#########..).
♣≈≈##......##≈≈≈#≈≈ .
♣...##(....#≈}.....
♣....##....#≈!.....
♣....(#....##8.8...
......'...(.#o.....
∩.∩...')....#....∩.
......'..(..#......


You could see an orc knight (extremely poisoned).

Vanquished Creatures
  An ice beast (D:5)
  4 orc warriors
  A necrophage (D:6)
  An ogre (D:7)
  A centaur (D:6)
  A phantom (D:6)
  A bullfrog (D:6)
  5 scorpions
  3 howler monkeys
  4 hounds
  2 orc priests
  A bullfrog skeleton (D:4)
  An iguana (D:4)
  10 orc wizards
  6 worker ants
  4 adders
  11 gnolls
  A white imp (D:6)
  6 oozes
  An adder skeleton (D:4)
  An adder zombie (D:6)
  2 worms
  A dart slug (D:1)
  5 leopard geckos
  22 orcs
  4 giant cockroaches
  10 goblins
  13 hobgoblins
  7 jackals
  4 quokkas
  3 ball pythons
  9 bats
  6 frilled lizards
  A giant cockroach zombie (D:5)
  19 kobolds
  11 rats
183 creatures vanquished.

Vanquished Creatures (others)
  6 withered plants (D:3)
6 creatures vanquished.

Grand Total: 189 creatures vanquished

Notes
Turn   | Place    | Note
-------+----------+-------------------------------------------
     0 | D:1      | Nattfarinn the Naga Venom Mage began the quest for the Orb.
     0 | D:1      | Reached XP level 1. HP: 15/15 MP: 3/3
   180 | D:1      | Reached XP level 2. HP: 22/22 MP: 3/5
   791 | D:1      | Reached skill level 5 in Poison Magic
   967 | D:1      | Reached XP level 3. HP: 24/28 MP: 1/6
  1871 | D:2      | Reached XP level 4. HP: 25/36 MP: 4/8
  2077 | D:2      | Reached skill level 6 in Poison Magic
  2373 | D:2      | Learned a level 4 spell: Olgreb's Toxic Radiance
  2891 | D:3      | Reached XP level 5. HP: 25/42 MP: 0/9
  3181 | D:3      | Found a runed translucent gate.
  3182 | D:3      | Found a runed translucent gate.
  3187 | D:3      | Found a runed translucent gate.
  3187 | D:3      | Noticed iamserjio's ghost (amateur VSTm)
  3188 | D:3      | Noticed iamserjio's ghost (weakling VSDe)
  3263 | D:3      | Found a broken altar of Ashenzari.
  3263 | D:3      | Found a sacrificial altar of Ru.
  3263 | D:3      | Found a hazy altar of Hepliaklqana.
  3263 | D:3      | Found a snail-covered altar of Cheibriados.
  3305 | D:3      | Found an ornate altar of the Wu Jian Council.
  3307 | D:3      | Found a shadowy altar of Dithmenos.
  3349 | D:3      | Became a worshipper of Cheibriados the Contemplative
  3589 | D:4      | Reached skill level 7 in Poison Magic
  3706 | D:4      | Reached XP level 6. HP: 35/49 MP: 11/11
  3949 | D:4      | Found a staircase to the Ecumenical Temple.
  3969 | D:4      | Found an opulent altar of Gozag.
  3984 | D:4      | Reached skill level 8 in Poison Magic
  4444 | D:4      | Reached XP level 7. HP: 52/55 MP: 13/13
  4481 | D:4      | Reached * piety under Cheibriados
  4482 | D:4      | Reached skill level 9 in Poison Magic
  4836 | D:4      | Found a shimmering blue altar of Sif Muna.
  5618 | D:4      | Found a runed translucent door.
  5619 | D:4      | Noticed Crazy Yiuf
  5660 | D:5      | Entered Level 5 of the Dungeon
  5690 | D:5      | Reached skill level 5 in Spellcasting
  5690 | D:5      | Reached XP level 8. HP: 25/62 MP: 6/15
  7010 | D:6      | Reached skill level 5 in Transmutations
  7161 | D:6      | Reached ** piety under Cheibriados
  7499 | D:6      | Found a radiant altar of Vehumet.
  7571 | D:6      | HP: 1/62 [orc warrior/+0 battleaxe (27)]
  7573 | D:6      | Reached XP level 9. HP: 2/68 MP: 6/18
  8227 | D:6      | Found a broken altar of Ashenzari.
  8234 | D:6      | Learned a level 5 spell: Blade Hands
  8635 | D:7      | Reached *** piety under Cheibriados
  8662 | D:7      | Found a flagged portal.
  8707 | Bailey   | Entered a bailey
  8729 | Bailey   | Noticed an orc warlord
  8861 | Bailey   | Noticed an orc knight
  8871 | Bailey   | Slain by an orc knight

Illustrated notes

Levels and vault maps discovered:
D:1:      tarquinn_simple_flora_water_d, layout_loops_ring,
          kennysheep_flooded_box, minmay_stone_trees_small,
          chequers_serial_rivers_micro_c
D:2:      layout_rooms, minmay_between
D:3:      layout_basic, minmay_overflow_temple_hex, gammafunk_ghost_cemetery
D:4:      kb_forest_paths, layout_layer_cave, grunt_gozag_statues, led_sif_pool,
          uniq_crazy_yiuf_cottage
D:5:      layout_basic, hangedman_decor_slide_cut
D:6:      layout_basic, vehumet_altar_wand_db, cheibrodos_sewer_entry_drain,
          ashenzari_altar_1
D:7:      layout_basic, serial_shops, shop, enter_bailey_4,
          minmay_a_box_with_orc_wizards_in_it, uniq_maggie
Bailey:   bailey_axe_bossmonster_kennysheep, bailey

Skill      XL: |  1  2  3  4  5  6  7  8  9 |
---------------+----------------------------+-----
Poison Magic   | 5 6 7 8 9 |  9.1
Spellcasting   | 3 4 5 6 |  6.6
Transmutations | 3 6 7 |  7.7
Dodging        | |  1.5
Stealth        | |  3.0

Action                   |  1- 3 |  4- 6 |  7- 9 || total
-------------------------+-------+-------+-------++-------
Melee: Unarmed           |    15 |     4 |       ||    19
       Glaive            |       |     9 |       ||     9
       Spear             |       |    62 |   270 ||   332
 Cast: Sting             |    64 |    44 |     8 ||   116
       Olgreb's Toxic Ra |       |     5 |    21 ||    26
       Blade Hands       |       |       |     1 ||     1
  Use: Scroll            |       |     1 |       ||     1
       Potion            |       |       |     4 ||     4
 Stab: Sleeping          |       |     7 |     2 ||     9
Armor: Robe              |     6 |    18 |    68 ||    92
Dodge: Dodged            |    19 |    54 |   109 ||   182

Table legend: (Time is in decaauts)
 A = Elapsed time spent in this place.
 B = Non-inter-level travel time spent in this place.
 C = Inter-level travel time spent in this place.
 D = Time resting spent in this place.
 E = Time spent auto-exploring this place.
 F = Levels seen in this place.
 G = Mean time per level.
                   A        B        C        D        E       F      G
               +--------+--------+--------+--------+--------+-----+--------+
         Total |  12115 |  11560 |    555 |   1889 |   8265 |   8 | 1514.4 |
       Dungeon |  11911 |  11356 |    555 |   1789 |   8265 |   7 | 1701.6 |
        Bailey |    203 |    203 |      0 |    100 |      0 |   1 |  203.0 |
               +--------+--------+--------+--------+--------+-----+--------+

Top non-repeatable levels by time:
     D:4: 3065 daAuts
     D:6: 2137 daAuts
     D:5: 1911 daAuts
     D:1: 1696 daAuts
     D:3: 1473 daAuts
     D:2: 1207 daAuts
     D:7: 419 daAuts
  Bailey: 203 daAuts
